 Dungeon Crawl Stone Soup version 0.28.0-45-g0d030f2227 (webtiles) character file.

Game seed: 255160086958909808

51 DildoBatman the Conjurer (level 4, -1/30 HPs)
             Began as a Formicid Conjurer on Apr 21, 2022.
             Slain by an iguana (11 damage)
             ... on level 2 of the Dungeon.
             The game lasted 00:05:11 (1202 turns).

DildoBatman the Conjurer (Formicid Conjurer)        Turns: 1202, Time: 00:05:11

Health: -1/30      AC:  2    Str: 11    XL:     4   Next: 5%
Magic:  0/7        EV: 12    Int: 18    God:
Gold:   61         SH:  0    Dex: 11    Spells: 3/7 levels left

rFire   . . .      SeeInvis +   d - +0 short sword
rCold   . . .      Faith    .   (no shield)
rNeg    . . .      Spirit   .   a - +0 robe
rPois   .          Reflect  .   (helmet unavailable)
rElec   .          Harm     .   (no cloak)
rCorr   .          Rampage  .   (no gloves)
Will    .....                   (no boots)
Stlth   ++........              (no amulet)
HPRegen 0.10/turn               (no ring)
MPRegen 0.10/turn               (no ring)

@: no status effects
A: permanent stasis, dig shafts and tunnels, antennae 3, four strong arms
a: Dig, Shaft Self


You were on level 2 of the Dungeon.
You visited 1 branch of the dungeon, and saw 2 of its levels.

You collected 61 gold pieces.

Inventory:

Hand Weapons
 d - a +0 short sword (weapon)
Missiles
 b - 26 sling bullets
 c - 5 stones
 e - 4 datura-tipped darts
 g - 8 arrows
Armour
 a - a +0 robe (worn)
Magical Staves
 f - a staff of death
Scrolls
 h - 2 scrolls of identify {unknown}
 i - a scroll of enchant armour {unknown}
Potions
 j - a potion of might {unknown}


   Skills:
 - Level 1.7 Dodging
 - Level 2.4 Stealth
 - Level 2.1 Spellcasting
 * Level 4.9 Conjurations


You had 3 spell levels left.
You knew the following spells:

 Your Spells              Type           Power      Damage    Failure   Level
a - Searing Ray           Conj           38%        2d5       3%          2
b - Pain                  Necr           4%         1d4       19%         1
c - Magic Dart            Conj           76%        1d6       2%          1

Your spell library contained the following spells:

 Spells                   Type           Power      Damage    Failure   Level
 Foxfire                  Conj/Fire      40%        2x1d6     6%          1
 Conjure Flame            Conj/Fire      10%        6-21      19%         3
 Dazzling Flash           Conj/Hex       20%        N/A       19%         3
 Inner Flame              Hex/Fire       1%         N/A       47%         3
 Flame Wave               Conj/Fire      10%        2d5       54%         4
 Fulminant Prism          Conj/Hex       5%         3d7       54%         4
 Iskenderun's Mystic Bla  Conj/Tloc      10%        2d4       54%         4
 Agony                    Necr           1%         N/A       99%         5
 Excruciating Wounds      Necr           0%         N/A       99%         5


Dungeon Overview and Level Annotations

Branches:
Dungeon (2/15)

Altars:


Innate Abilities, Weirdness & Mutations

You cannot be hasted, slowed, berserked, paralysed or teleported.
You can dig through walls and to a lower floor.
You have a pair of large antennae on your head. (SInv)
Your four strong arms can wield two-handed weapons with a shield.


Message History

You climb upwards.
There is a stone staircase leading down here.
There is a stone staircase leading down here.
You climb downwards.
Found a bubbling purple potion.
There is a stone staircase leading up here.
j - a bubbling purple potion You now have 61 gold pieces (gained 10).
The iguana hisses angrily.
Casting: Searing Ray (safe; 3% risk of failure)
Confirm with . or Enter, or press ? or * to list all spells.
Aiming: Searing Ray (safe; 3% risk of failure)
Press: ? - help, Shift-Dir - straight line, f - iguana
Aim: an iguana (81% to hit)
The searing ray hits the iguana but does no damage. (Press . to maintain the ray.)
The endoplasm quivers.
The searing ray hits the iguana.
The iguana is moderately wounded.
The searing ray hits the iguana.
The iguana is heavily wounded.
The endoplasm jiggles.
The iguana closely misses you.
The searing ray hits the iguana.
The iguana is almost dead.
You finish channelling your searing ray.
The iguana bites you!
Casting: Searing Ray (safe; 3% risk of failure)
Confirm with . or Enter, or press ? or * to list all spells.
Aiming: Searing Ray (safe; 3% risk of failure)
Press: ? - help, Shift-Dir - straight line, f/p - iguana
Aim: an iguana (almost dead, 81% to hit)
The searing ray hits the iguana but does no damage.
The iguana is almost dead.
The searing ray hits the endoplasm.
The endoplasm is heavily wounded. (Press . to maintain the ray.) Without enough magic to sustain it, your searing ray dissipates.
The iguana bites you!
You die...

#.... #. .
#..#. ...
#..... .####.
..###. ## ##
.# #. # .# #
.#### #
######.##..#.
#.@lJ..##.#.##
#.####.......#
#.# #.##.#..#
#.# #.......#
###.#
#.#.....#
#...#
#...#...#
#.###
#.....#.# #.#
#.......# #.#
##.#.#########


You could see an iguana and an endoplasm.

Vanquished Creatures
  An adder (D:2)
  A dart slug (D:1)
  6 bats
  4 endoplasms
  3 giant cockroaches
  4 goblins
  6 hobgoblins
  A ball python (D:1)
  5 kobolds
  3 rats
34 creatures vanquished.

Notes
Turn   | Place    | Note
-------+----------+-------------------------------------------
     0 | D:1      | DildoBatman the Formicid Conjurer began the quest for the
                  | Orb.
     0 | D:1      | Reached XP level 1. HP: 13/13 MP: 3/3
    90 | D:1      | Learned a level 1 spell: Pain
   138 | D:1      | Reached XP level 2. HP: 15/19 MP: 0/5
   186 | D:1      | Reached skill level 4 in Conjurations
   198 | D:1      | Learned a level 2 spell: Searing Ray
   473 | D:1      | Reached XP level 3. HP: 17/24 MP: 4/6
   752 | D:2      | Found a faded altar of an unknown god.
   979 | D:2      | Reached XP level 4. HP: 12/30 MP: 3/7
  1202 | D:2      | Slain by an iguana

Illustrated notes

Levels and vault maps discovered:
D:1:      ebering_trefoil_twist, layout_rooms, chequers_serial_rivers_large_a,
          grunt_decor_fettered
D:2:      layout_loops_ring, basic_ecumenical_altar

Skill      XL: |  1  2 |
---------------+-------+-----
Conjurations   | 4 |  4.9
Dodging        | |  1.7
Stealth        | |  2.4
Spellcasting   | |  2.1

Action                   |  1- 3 |  4- 6 || total
-------------------------+-------+-------++-------
Melee: Short sword       |    29 |     1 ||    30
 Cast: Magic Dart        |    58 |     2 ||    60
       Pain              |     3 |       ||     3
       Searing Ray       |     1 |     3 ||     4
 Abil: Dig               |     1 |       ||     1
 Stab: Sleeping          |     2 |       ||     2
Armor: Robe              |    13 |     1 ||    14
Dodge: Dodged            |    35 |     2 ||    37
